 Dungeon Crawl Stone Soup version 0.18-a0-1203-gbde16db (webtiles) character file.

62 namelastname112 the Bolt Thrower (level 3, 0/28 HPs)
             Began as a Demonspawn Hunter on Feb 2, 2016.
             Slain by an adder (1 damage)
             ... on level 2 of the Dungeon.
             The game lasted 00:02:11 (1421 turns).

namelastname112 the Bolt Thrower (DsHu)             Turns: 1421, Time: 00:02:11

Health: 0/28       AC:  4    Str: 13    XL:     3   Next: 85%
Magic:  3/3        EV: 12    Int: 12    God:
Gold:   76         SH:  0    Dex: 17    Spells: 0 memorised, 2 levels left

rFire  . . .     SeeInvis .     a - +1 hand crossbow
rCold  . . .     Gourm    .     c - +0 leather armour
rNeg   . . .     Faith    .     (no shield)
rPois  .         Spirit   .     (no helmet)
rElec  .         Dismiss  .     (no cloak)
rCorr  .         Reflect  .     h - +0 pair of gloves
SustAt .         Harm     .     (no boots)
MR     .....                    (no amulet)
Stlth  ++++......               (no ring)
                                g - ring of stealth

@: lethally poisoned (0 -> -5), very slightly contaminated, hasted, very quick,
not resistant to hostile enchantments, stealthy
A: thin skeletal structure 2
a: no special abilities


You were on level 2 of the Dungeon.
You were near starving.

You visited 1 branch of the dungeon, and saw 2 of its levels.

You collected 76 gold pieces.

Inventory:

Hand Weapons
 a - a +1 hand crossbow (weapon)
 b - a +0 short sword
Missiles
 d - 12 bolts (quivered)
Armour
 c - a +0 leather armour (worn)
 h - a +0 pair of gloves (worn)
Jewellery
 g - a ring of stealth (left hand)
Scrolls
 e - a scroll of identify {unknown}
 i - 2 scrolls of remove curse {unknown}
 k - 2 scrolls of teleportation {unknown}
Potions
 j - a potion of haste
Comestibles
 f - a bread ration


   Skills:
 + Level 2.6 Fighting
 + Level 0.1 Short Blades
 * Level 4.0 Crossbows
 + Level 1.2 Armour
 + Level 2.1 Dodging
 + Level 1.3 Stealth


You had 2 spell levels left.
You didn't know any spells.

Dungeon Overview and Level Annotations

Branches:
Dungeon (2/15)

Altars:
Pakellas


Innate Abilities, Weirdness & Mutations

You have a moderately thin skeletal structure (Dex +4, Stealth+).


Message History

The adder is severely wounded.
* * * LOW HITPOINT WARNING * * *
You feel sick. The adder bites you.
* * * LOW HITPOINT WARNING * * *
The adder closely misses you.
Drink which item? (? for menu, Esc to quit)
It was a potion of haste.
You feel yourself speed up. The adder closely misses you.
You are very lightly contaminated with residual magic.
Firing (i - inventory):
d - 14 bolts (quivered)
Press: ? - help, Shift-Dir - straight line, f/p - adder
Aim: an adder (severely wounded)
You shoot a bolt. The bolt completely misses the adder.
* * * LOW HITPOINT WARNING * * *
You feel sick. The adder barely misses you.
Firing (i - inventory):
d - 13 bolts (quivered)
Press: ? - help, Shift-Dir - straight line, f/p - adder
Aim: an adder (severely wounded)
You shoot a bolt. The bolt barely misses the adder.
The adder bites you.
You die...

♣ ♣♣.♣ ♣♣♣.....♣
♣♣..♣ ♣..[..♣
♣.♣♣♣ ♣♣...♣♣
♣♣♣.♣♣ ♣♣♣♣♣
♣♣....♣♣♣
♣..♣♣...♣
♣♣.♣♣♣♣.♣♣♣♣
♣♣.♣♣ ♣♣...♣♣♣♣
♣.♣♣ ♣♣♣♣..@♣
♣♣..♣ ♣♣♣♣S.♣
♣♣..♣♣ ♣(>♣
...♣♣ ♣♣♣ .♣♣♣
.###############
...............#
.....##..#####.#
.##.###......#.#


You could see an adder.

Vanquished Creatures
  2 adders (D:2)
  A worm (D:2)
  3 giant cockroaches
  7 goblins
  3 hobgoblins
  4 bats
  4 giant newts
  5 kobolds
  16 rats
45 creatures vanquished.

Notes
Turn   | Place    | Note
--------------------------------------------------------------
     0 | D:1      | namelastname112 the Demonspawn Hunter began the quest for the Orb.
     0 | D:1      | Reached XP level 1. HP: 16/16 MP: 1/1
    74 | D:1      | Gained mutation: You have a somewhat thin skeletal structure (Dex +2, Stealth). [demonic ancestry]
    74 | D:1      | Reached XP level 2. HP: 11/22 MP: 2/2
   755 | D:1      | Reached skill level 1 in Stealth
   867 | D:1      | Gained mutation: You have a moderately thin skeletal structure (Dex +4, Stealth+). [demonic ancestry]
   867 | D:1      | Reached XP level 3. HP: 28/28 MP: 3/3
   925 | D:2      | Reached skill level 4 in Crossbows
  1006 | D:2      | Reached skill level 1 in Armour
  1332 | D:2      | Found an oddly glowing altar of Pakellas.
  1420 | D:2      | HP: 1/28 [poisoned by an adder]
  1421 | D:2      | Slain by an adder

Vault maps used:
D:1:      erik_arrival_orb_chamber
D:2:      forest_paths, lemuel_round_altar

Action                   || total
-------------------------++-------
Melee: Short sword       ||   111
 Fire: Hand crossbow     ||    31
  Use: Potion            ||     1
 Stab: Distracted        ||     1
       Sleeping          ||     5
